 Dungeon Crawl Stone Soup version 0.17-a0-1647-gb11a595 (console) character file.

7919 Monkaria the Thaumaturge (level 11, -8/54 HPs)
             Began as a Deep Elf Conjurer on Aug 11, 2015.
             Was an Elder of Vehumet.
             Mangled by a polar bear (16 damage)
             ... on level 2 of the Lair of Beasts.
             The game lasted 00:27:01 (9080 turns).

Monkaria the Thaumaturge (Deep Elf Conjurer)        Turns: 9080, Time: 00:27:02

Health: -8/54      AC:  6    Str:  5    XL:     11   Next: 3%
Magic:  35/40      EV: 13    Int: 28    God:    Vehumet [****..]
Gold:   481        SH:  0    Dex: 15    Spells: 7 memorised, 14 levels left

rFire  . . .     SeeInvis .     A - staff of conjuration
rCold  . . .     Clarity  .     a - +0 robe
rNeg   . . .     SustAt   .     (no shield)
rPois  .         Gourm    .     r - +1 helmet
rElec  .         Spirit   .     m - +0 cloak
rCorr  .         Warding  .     N - +0 pair of gloves
rMut   .         Stasis   .     (no boots)
MR     +....                    e - amulet of rage
Stlth  ++........               M - ring of magical power
                                n - +4 ring of intelligence

@: somewhat resistant to hostile enchantments, unstealthy
A: no striking features
a: Renounce Religion, Evoke Berserk Rage


You were on level 2 of the Lair of Beasts.
You worshipped Vehumet.
Vehumet was greatly pleased with you.
You were hungry.

You visited 3 branches of the dungeon, and saw 11 of its levels.

You collected 481 gold pieces.

Inventory:

Hand weapons
 u - the +1 short sword of Noon {venom, rElec rC+ MR+ Str+2}
   (You found it on level 1 of the Lair of Beasts)

   It poisons the flesh of those it strikes.
   It affects your strength (+2).
   It protects you from cold.
   It insulates you from electricity.
   It affects your resistance to hostile enchantments.
Missiles
 h - 25 poisoned needles
 D - a throwing net (quivered)
Armour
 a - a +0 robe (worn)
 m - a +0 cloak (worn)
 r - a +1 helmet (worn)
 N - a +0 pair of gloves (worn)
Magical staves
 A - an uncursed staff of conjuration (weapon)
Jewellery
 e - an amulet of rage (around neck)
 n - a +4 ring of intelligence (left hand)
 F - an uncursed ring of poison resistance
 M - a ring of magical power (right hand)
Magical devices
 b - a wand of cold (4)
 q - a wand of frost (32)
 K - a wand of paralysis (9)
 O - a wand of hasting (5)
Scrolls
 g - a scroll of holy word {unknown}
 i - a scroll of blinking
 j - 4 scrolls of teleportation
 p - 3 scrolls of silence {unknown}
 x - a scroll of remove curse
 y - a scroll of immolation {unknown}
 B - 2 scrolls of fog {unknown}
 E - a scroll of torment {unknown}
 G - 2 scrolls of amnesia {unknown}
Potions
 k - a potion of brilliance
 l - a potion of flight
 o - 2 potions of might
 s - a potion of lignification
 v - 2 potions of curing
 z - a potion of cancellation
 C - a potion of heal wounds {unknown}
Comestibles
 c - 6 bread rations


   Skills:
 + Level 3.2 Dodging
 - Level 2.4 Stealth
 - Level 14.1 Spellcasting
 - Level 14.0 Conjurations


You had 14 spell levels left.
You knew the following spells:

 Your Spells              Type           Power        Failure   Level  Hunger
a - Magic Dart            Conj           ####         0%          1    None
b - Searing Ray           Conj           ######       0%          2    None
c - Iskenderun's Mystic   Conj           #######.     1%          4    None
d - Iskenderun's Battles  Conj/Chrm      ######..     1%          5    #......
e - Ignite Poison         Fire/Trmt/Pois ###.....     2%          3    None
f - Poisonous Cloud       Conj/Pois/Air  ######....   24%         6    ####...
g - Conjure Flame         Conj/Fire      ######..     1%          3    None


Dungeon Overview and Level Annotations

Branches:
Dungeon (8/15)             Temple (1/1) D:7            Lair (2/8) D:8

Altars:
Ashenzari
Cheibriados
Dithmenos
Elyvilon
Fedhas
Gozag
Kikubaaqudgha
Makhleb
Nemelex Xobeh
Okawaru
Qazlal
Ru
Sif Muna
Trog
Vehumet
Xom
Yredelemnul
Zin
The Shining One

Shops:
D:5 :


Message History

You see here a sharpened copper wand.
b - a wand of cold The black bear bites you.
The black bear claws you.
The black bear claws you but does no damage.
Casting: Searing Ray
Confirm with . or Enter, or press ? or * to list all spells.
You feel a surge of power!
You conjure a globe of magical energy.
The black bear closely misses you. x2
The black bear claws you. The spriggan hits you with a rapier!
The polar bear bites you!
* * * LOW HITPOINT WARNING * * *
The polar bear claws you but does no damage. x2
Drink which item? (? for menu, Esc to quit)
It was a potion of cancellation.
You feel magically purged.
The black bear bites you but does no damage.
The black bear claws you but does no damage.
The black bear barely misses you. The spriggan hits you with a rapier.
* * * LOW HITPOINT WARNING * * *
The polar bear bites you!
You die...

**,...P.P..h### *,,,,,***
****,,...!>......* *,,,,,,,**
*****.###....P.P....#* *,,,,,,,,,
*,,,,.....♣.♣.....♣.##*#.,,,*,,,,
**,,,.....♣..........#...,**,,,,,
*,,,,...........♣........***,,,,,
*,,,,.......,##...*.....P* *,,,,,
,,,,,.......##Pihh..P#,,,* *,,,,,
,,,,,.....#.....@#####*,** *,,*,*
,,,,,,,..#.....### *,* **,***
,,,,,,##.##P.### *,* ***
,,,*,##.⌠.#### *,* ,,,,,#.....#
**,* ,,,**#⌠.<.⌠# ***,,*** ****
#.....# **,*,,,,* *** ,* #.....#
****,,,,,,,* *,* ###* ##...##
***,*,*,,,,,,*****,,


You could see a polar bear, a black bear and a spriggan.

Vanquished Creatures
  2 hydras (Lair:1)
  A hill giant (D:7)
  Pikel (D:7)
  A spiny frog (Lair:1)
  A komodo dragon (Lair:1)
  2 fire drakes
  A two-headed ogre (D:5)
  Prince Ribbit (D:8)
  The ghost of Malak the Caller, an average DESu of Sif Muna (D:6)
  5 yaks
  2 hippogriffs (Lair:1)
  A hungry ghost (D:7)
  A wyvern (D:7)
  A steam dragon (D:8)
  An orc warrior (D:6)
  A water moccasin (D:8)
  Duvessa (D:7)
  2 slaves (D:7)
  2 centaurs
  3 ogres
  A crocodile (Lair:1)
  The ghost of EuServersOMG the Magician, an average SpWz (D:4)
  3 giant frogs
  2 scorpions
  Dowan (D:7)
  A wight (Lair:1)
  4 crimson imps
  3 giant frog zombies
  3 jellies
  7 orc priests
  Ijyb (D:3)
  A centaur skeleton (D:5)
  6 hounds
  4 orc wizards
  An iguana (Lair:2)
  5 worker ants
  A hound skeleton (D:6)
  11 gnolls
  11 adders
  6 river rats (Lair:1)
  3 oozes
  An adder skeleton (D:5)
  3 worms
  5 giant geckos
  18 orcs
  2 ball pythons
  A hobgoblin (D:1)
  10 jackals
  9 kobolds
  6 quokkas
  5 bats
  8 giant cockroaches
  A giant cockroach zombie (D:5)
  8 giant newts
  9 goblins
  13 rats
206 creatures vanquished.

Vanquished Creatures (others)
  A slave (D:7)
  A jelly (D:7)
2 creatures vanquished.

Grand Total: 208 creatures vanquished

Notes
Turn   | Place    | Note
--------------------------------------------------------------
     0 | D:1      | Monkaria the Deep Elf Conjurer began the quest for the Orb.
     0 | D:1      | Reached XP level 1. HP: 10/10 MP: 6/6
    56 | D:1      | Reached skill level 5 in Conjurations
    56 | D:1      | Reached XP level 2. HP: 15/15 MP: 0/8
   457 | D:1      | Reached XP level 3. HP: 10/19 MP: 0/9
   598 | D:1      | Learned a level 2 spell: Searing Ray
  1155 | D:2      | Reached skill level 6 in Conjurations
  1368 | D:2      | Reached XP level 4. HP: 24/24 MP: 6/10
  1614 | D:2      | Found a radiant altar of Vehumet.
  1621 | D:2      | Became a worshipper of Vehumet
  1660 | D:2      | Found a faded altar to an unknown god.
  2065 | D:3      | Reached skill level 7 in Conjurations
  2065 | D:3      | Reached XP level 5. HP: 24/28 MP: 4/11
  2261 | D:3      | Noticed Ijyb
  2298 | D:3      | Killed Ijyb
  2378 | D:3      | Found a shadowy altar of Dithmenos.
  2389 | D:3      | Acquired Vehumet's first power
  2389 | D:3      | Offered knowledge of Flame Tongue by Vehumet.
  2623 | D:3      | Learned a level 4 spell: Iskenderun's Mystic Blast
  2744 | D:4      | Noticed EuServersOMG's ghost (average SpWz)
  2751 | D:4      | Reached skill level 8 in Conjurations
  2836 | D:4      | Reached XP level 6. HP: 32/32 MP: 9/12
  3001 | D:4      | Killed EuServersOMG's ghost
  3139 | D:4      | Found a basalt altar of Yredelemnul.
  3284 | D:3      | You fall through a shaft!
  3334 | D:6      | Noticed Malak's ghost (average DESu)
  3339 | D:5      | Entered Level 5 of the Dungeon
  3360 | D:5      | Reached skill level 5 in Spellcasting
  3631 | D:5      | Found a shadowy altar of Dithmenos.
  3637 | D:5      | Reached XP level 7. HP: 36/36 MP: 13/17
  3815 | D:5      | Found an opulent altar of Gozag.
  3873 | D:5      | Found Xoam's Book Boutique.
  3887 | D:5      | Learned a level 5 spell: Iskenderun's Battlesphere
  3897 | D:5      | Offered knowledge of Shock by Vehumet.
  3909 | D:5      | Found a sparkling altar of Nemelex Xobeh.
  3916 | D:5      | Found a glowing silver altar of Zin.
  3918 | D:5      | Found a sacrificial altar of Ru.
  3918 | D:5      | Found a stormy altar of Qazlal.
  3918 | D:5      | Found an iron altar of Okawaru.
  3923 | D:5      | Found an ancient bone altar of Kikubaaqudgha.
  3946 | D:5      | Noticed a two-headed ogre
  3992 | D:5      | Killed a two-headed ogre
  4314 | D:6      | Reached skill level 9 in Spellcasting
  4314 | D:6      | Reached XP level 8. HP: 39/41 MP: 21/23
  4547 | D:6      | Reached skill level 10 in Spellcasting
  4872 | D:6      | Killed Malak's ghost
  4872 | D:6      | Reached skill level 10 in Conjurations
  4991 | D:7      | Offered knowledge of Ignite Poison by Vehumet.
  4996 | D:7      | Learned a level 3 spell: Ignite Poison
  5032 | D:7      | Got a scorched leather armour
  5051 | D:7      | Identified the +2 leather armour of Disaster {rC- Slay+4} (You found it on level 7 of the Dungeon)
  5230 | D:7      | Noticed Pikel
  5240 | D:7      | Killed Pikel
  5240 | D:7      | Reached skill level 11 in Conjurations
  5240 | D:7      | Reached XP level 9. HP: 45/45 MP: 2/25
  5354 | D:7      | Found a shattered altar of Ashenzari.
  5354 | D:7      | Found a burning altar of Makhleb.
  5354 | D:7      | Found a snail-covered altar of Cheibriados.
  5363 | D:7      | Acquired Vehumet's second power
  5692 | D:7      | Noticed a hill giant
  5696 | D:7      | Killed a hill giant
  5696 | D:7      | Reached skill level 12 in Conjurations
  5708 | D:7      | Found a staircase to the Ecumenical Temple.
  5725 | Temple   | Entered the Ecumenical Temple
  5888 | D:7      | Found an opulent altar of Gozag.
  5888 | D:7      | Noticed Dowan
  5890 | D:7      | Noticed Duvessa
  5892 | D:7      | Killed Dowan
  5896 | D:7      | Killed Duvessa
  5896 | D:7      | Reached skill level 13 in Conjurations
  6020 | D:7      | Learned a level 6 spell: Poisonous Cloud
  6502 | D:8      | Noticed Prince Ribbit
  6507 | D:8      | Killed Prince Ribbit
  6507 | D:8      | Offered knowledge of Conjure Flame by Vehumet.
  6517 | D:8      | Learned a level 3 spell: Conjure Flame
  6786 | D:8      | Reached XP level 10. HP: 13/50 MP: 26/26
  7056 | D:8      | Noticed a fire drake
  7057 | D:8      | Found a staircase to the Lair.
  7071 | D:8      | Killed a fire drake
  7559 | D:8      | Reached skill level 14 in Conjurations
  7769 | Lair:1   | Entered Level 1 of the Lair of Beasts
  7836 | Lair:1   | Noticed a seven-headed hydra
  7866 | Lair:1   | Killed a seven-headed hydra
  8282 | Lair:1   | Acquired Vehumet's third power
  8311 | Lair:1   | Noticed a six-headed hydra
  8320 | Lair:1   | Killed a six-headed hydra
  8320 | Lair:1   | Reached XP level 11. HP: 18/54 MP: 27/31
  8560 | Lair:1   | Got a fine short sword
  8828 | Lair:1   | Identified the +1 short sword of Noon {venom, rElec rC+ MR+ Str+2} (You found it on level 1 of the Lair of Beasts)
  8984 | Lair:1   | Upgraded the game from 0.17-a0-1646-geb1493d to 0.17-a0-1647-gb11a595
  9028 | Lair:2   | Noticed a four-headed hydra
  9080 | Lair:2   | Mangled by a polar bear

Vault maps used:
D:1:      erik_arrival_gehennom, serial_forest, infiniplex_forest_side_room,
          infiniplex_forest_clump_medium, infiniplex_forest_straight_2,
          infiniplex_forest_lined_2, infiniplex_forest_corner_1,
          infiniplex_forest_clump_small, infiniplex_forest_lined_corner
D:2:      fiery_altar_vehumet, ecumenical_altar_1, corner_web_ring
D:3:      lemuel_crystal_altar, uniq_iyjb
D:4:      nicolae_overflow_crystal_walls, first_bread, serial_bayou_pond_c
D:5:      kennysheep_mini_moat, minitemple, serial_shops, shop,
          grunt_dithmenos_smoke
D:6:      kennysheep_generic_room_7
D:7:      gammafunk_temple_overflow_forgotten, minmay_temple_entry_overgrown,
          basic_altar, uniq_duvessa, uniq_pikel
D:8:      minmay_lair_entry_lava, uniq_prince_ribbit1
Temple:   circular_temple_6
Lair:1:   st_stairs_13, lemuel_fruit_tree
Lair:2:   nicolae_volcano_entry_two_sided, grunt_forest_stairs_clearing,
          grunt_megastairs_1, uniq_urug

Action                   |  1- 3 |  4- 6 |  7- 9 | 10-12 || total
-------------------------+-------+-------+-------+-------++-------
Melee: Unarmed           |     8 |    29 |     1 |       ||    38
       Staff             |       |       |     2 |     2 ||     4
 Cast: Magic Dart        |    83 |    63 |    18 |     7 ||   171
       Searing Ray       |     1 |    21 |    58 |    16 ||    96
       Iskenderun's Myst |       |     1 |    28 |    29 ||    58
       Iskenderun's Batt |       |       |     6 |     4 ||    10
       Ignite Poison     |       |       |     4 |       ||     4
  Use: Scroll            |       |    11 |     3 |     5 ||    19
       Potion            |       |     2 |       |     1 ||     3
  Eat: Chunk             |     1 |     7 |    11 |     7 ||    26
